Map: Frozen Temple

Players

Peppermint

  • Race: Terran Terran
  • League: Platinum

PSYCHOSEXUAL - Winner!

  • Race: Zerg Zerg
  • League: Platinum

VOD

Have the link to the VOD?

Description

Time

  • Played on: April 15, 2016, 3:48 p.m.
  • Length: 17:20
Show
View Real Time Build Order
Export as new Build Order

Peppermint Terran 

Build Orders: Reaper Expand, Bio Tank 

Get SALT Encoding   

  12  0:01  SCV  
  13  0:13  SCV  
  14  0:19  Supply Depot  
  14  0:26  SCV  
  15  0:40  SCV  
  16  0:44  Barracks  
  16  0:46  Refinery  
  16  0:54  SCV  
  17  1:06  SCV  
  18  1:18  SCV  
  19  1:31  Orbital Command  
  19  1:32  Reaper  
  20  1:47  Command Center  
  20  2:01  SCV  
  21  2:13  SCV  
  22  2:15  Supply Depot  
  21  2:25  SCV  
  22  2:30  Factory  
  22  2:33  Marine  
  23  2:37  SCV  
  24  2:49  SCV  
  25  2:53  Refinery  
  25  3:10  SCV  
  25  3:11  Orbital Command  
  25  3:12  Barracks Reactor  
  26  3:15  Factory Tech Lab  
  26  3:18  Starport  
  26  3:23  SCV  
  27  3:35  SCV  
  27  3:39  Siege Tank  
  27  3:40  SCV  
  32  3:47  SCV  
  33  3:48  Marine  
  33  3:49  Marine  
  33  3:52  SCV  
  36  3:56  Medivac  
  36  4:01  Command Center, SCV  
  36  4:02  Bunker  
  39  4:04  SCV  
  39  4:06  Marine x2  
  42  4:11  Supply Depot  
  42  4:13  SCV  
  42  4:23  SCV  
  41  4:24  Marine  
  41  4:25  SCV  
  41  4:26  Marine  
  44  4:35  SCV  
  45  4:42  Marine, SCV  
  47  4:46  Marine  
  47  4:47  SCV  
  47  4:51  Viking  
  51  4:54  SCV  
  52  5:04  Factory Reactor  
  52  5:10  SCV x2  
  54  5:21  Refinery  
  54  5:22  SCV x2  
  54  5:24  Refinery  
  54  5:26  Marine  
  54  5:28  Stimpack  
  57  5:35  Orbital Command  
  56  5:43  Marine, Barracks, SCV  
  56  5:44  SCV  
  56  5:48  Barracks  
  59  5:51  Engineering Bay, Factory Tech Lab  
  59  5:52  Starport Reactor, Engineering Bay  
  59  5:55  SCV  
  59  5:56  Orbital Command, SCV  
  61  5:57  Bunker  
  61  6:01  Marine  
  63  6:08  SCV x2  
  64  6:16  Siege Tank  
  67  6:20  SCV x2  
  67  6:23  Terran Infantry Weapons Level 1  
  67  6:24  Terran Infantry Armor Level 1  
  67  6:25  Marine  
  70  6:26  Supply Depot, SCV  
  70  6:27  Supply Depot  
  70  6:30  Medivac x2  
  70  6:31  Marine x2  
  77  6:47  Marine x2, Barracks, SCV x3  
  77  6:48  Marauder  
  77  6:49  Marine x2  
  77  6:53  Supply Depot  
  86  6:55  Supply Depot  
  86  6:56  Barracks  
  86  6:57  Siege Tank  
  86  7:00  SCV x3  
  92  7:08  Marine, Armory  
  92  7:14  Marine, Medivac x2, SCV  
  92  7:15  Marauder  
  101  7:16  Marine x2  
  103  7:26  Marine  
  103  7:28  Combat Shields  
  104  7:32  Marine, SCV, Siege Tank  
  109  7:40  Refinery  
  109  7:50  Supply Depot  
  109  7:51  Supply Depot  
  109  7:56  Marine x6, SCV x2  
  117  8:02  Missile Turret  
  117  8:03  Missile Turret  
  117  8:12  SCV x2, Siege Tank, Marauder  
  124  8:14  Marine x6  
  130  8:24  SCV  
  131  8:32  Marine x4  
  131  8:34  Missile Turret, Marauder  
  112  8:54  Orbital Command  
  104  9:00  Liberator x2  
  94  9:12  Barracks Tech Lab x2  
  94  9:14  Marauder  
  94  9:15  Marine x4  
  94  9:16  Siege Tank  
  103  9:20  SCV x3  
  112  9:28  Terran Infantry Weapons Level 2  
  112  9:29  Terran Infantry Armor Level 2  
  112  9:32  SCV x2  
  112  9:33  SCV  
  112  9:35  Marauder  
  112  9:37  Marine x4  
  112  9:38  Marine, Marauder  
  124  9:40  Concussive Shells  
  124  9:44  SCV x2  
  124  9:45  SCV  
  127  9:48  Siege Tank  
  127  9:52  Missile Turret  
  130  9:55  Marine x3, Missile Turret  
  133  10:04  Missile Turret  
  133  10:07  Marine, Missile Turret, SCV  
  133  10:18  Liberator  
  133  10:26  Marine  
  133  10:28  Marine  
  133  10:29  Marine x2, Marauder, SCV x2  
  133  10:30  Marauder  
  133  10:33  Medivac, Marauder  
  123  10:45  Marine  
  112  10:50  Marine x3, Marauder  
  112  10:52  Marauder, Siege Tank  
  112  10:55  Marauder  
  120  11:03  Marine, Medivac  
  123  11:08  Marine  
  124  11:11  Marauder  
  124  11:13  Marauder  
  124  11:16  Marauder  
  128  11:20  Marine x2  
  128  11:21  Marine  
  131  11:25  Marine  
  131  11:27  Factory  
  131  11:32  Supply Depot x2, SCV  
  133  11:33  Supply Depot  
  133  11:34  Supply Depot  
  133  11:35  Supply Depot  
  133  11:36  Liberator  
  133  11:41  SCV x2, Siege Tank  
  133  11:42  Marauder x3  
  133  11:44  SCV  
  133  11:45  Refinery  
  133  11:46  Marine x4  
  149  11:54  SCV x2  
  154  11:56  SCV  
  155  12:03  Marine  
  155  12:04  Marine x2, Marauder x2  
  155  12:05  Medivac  
  155  12:06  SCV x2  
  166  12:10  Marine x2  
  168  12:21  Marauder  
  168  12:22  Marine x2  
  172  12:25  Marauder x2  
  176  12:30  Marine  
  176  12:31  Marine  
  176  12:35  Medivac  
  176  12:36  Medivac  
  182  12:39  Marine  
  182  12:40  Marine  
  182  12:42  Marauder  
  186  12:46  Marauder  
  186  12:49  Marine  
  189  12:51  Marine  
  189  12:52  Marine  
  189  12:55  Siege Tank  
  189  12:57  Marine  
  189  12:58  Marine  
  181  13:04  Marauder  
  129  13:25  Marauder  
  16  15:52  Orbital Command  
  14  16:37  Orbital Command  
Show
View Real Time Build Order
Export as new Build Order

PSYCHOSEXUAL Zerg - Winner!

Build Orders: Hatch First 

Get SALT Encoding   

  12  0:01  Drone  
  13  0:08  Drone  
  14  0:17  Overlord  
  14  0:35  Drone x3  
  17  0:47  Drone  
  18  0:57  Extractor  
  18  0:58  Drone  
  18  1:03  Hatchery  
  17  1:18  Spawning Pool  
  17  1:20  Drone x2  
  18  1:30  Overlord  
  19  1:40  Drone  
  19  1:52  Drone  
  20  2:01  Drone  
  21  2:05  Metabolic Boost  
  21  2:06  Queen  
  23  2:12  Zergling x2  
  24  2:16  Zergling x2  
  24  2:17  Queen  
  27  2:32  Zergling x4  
  27  2:33  Drone  
  30  2:38  Drone  
  31  2:47  Drone  
  31  2:48  Drone  
  33  3:04  Drone  
  33  3:05  Drone  
  35  3:07  Drone  
  36  3:18  Overlord  
  36  3:19  Overlord  
  36  3:33  Hatchery  
  35  3:42  Drone x5  
  35  3:44  Roach Warren, Evolution Chamber  
  35  3:46  Extractor  
  35  3:47  Extractor, Evolution Chamber  
  35  3:53  Queen  
  37  4:00  Drone x4  
  41  4:08  Drone x3  
  42  4:26  Drone x7  
  42  4:29  Drone x2  
  50  4:39  Lair  
  50  4:40  Zerg Missile Weapons Level 1  
  50  4:42  Drone  
  50  4:51  Drone  
  50  4:52  Drone x3  
  54  4:56  Zerg Ground Armor Level 1  
  54  5:02  Extractor, Queen  
  54  5:03  Extractor  
  54  5:06  Drone  
  55  5:07  Drone x2  
  55  5:12  Extractor  
  56  5:22  Drone x2  
  58  5:29  Overlord x2  
  58  5:30  Overlord  
  58  5:35  Overlord x2  
  58  5:40  Spore Crawler  
  58  5:41  Spore Crawler  
  56  5:54  Drone x7  
  56  5:55  Drone x4  
  67  6:03  Glial Reconstitution  
  67  6:05  Roach x2  
  71  6:20  Drone x3  
  71  6:21  Drone, Roach  
  71  6:22  Roach x4  
  85  6:28  Overseer x2  
  85  6:34  Roach  
  85  6:35  Roach  
  85  6:36  Overlord  
  89  6:40  Zerg Missile Weapons Level 2  
  89  6:44  Overlord x2  
  89  6:57  Roach x4  
  89  6:59  Overlord x3  
  97  7:02  Zerg Ground Armor Level 2  
  97  7:04  Roach x5  
  107  7:19  Roach x6  
  119  7:23  Roach  
  121  7:30  Roach  
  121  7:31  Roach  
  121  7:36  Roach  
  135  7:37  Roach x4  
  135  7:39  Roach  
  137  7:45  Overlord x4  
  137  8:05  Roach x7  
  151  8:06  Roach x2  
  151  8:11  Hatchery  
  154  8:13  Roach x3  
  160  8:23  Roach x5  
  138  8:45  Roach x11  
  136  8:56  Roach x7  
  146  9:08  Roach  
  146  9:09  Roach x2  
  148  9:12  Roach  
  150  9:20  Pneumatized Carapace  
  150  9:22  Roach x2  
  150  9:23  Overlord x2, Roach x3  
  160  9:32  Overlord x2  
  160  9:41  Queen, Ravager x6  
  160  9:44  Overlord x6  
  168  9:50  Roach  
  168  9:51  Roach x4  
  178  9:55  Zerg Melee Weapons Level 1  
  178  9:59  Infestation Pit  
  177  10:11  Ravager  
  177  10:12  Ravager x13  
  191  10:15  Roach  
  191  10:16  Roach  
  195  10:21  Overseer  
  195  10:22  Roach  
  195  10:23  Roach  
  133  11:04  Extractor x2  
  131  11:14  Zergling x10  
  131  11:15  Zergling x18  
  145  11:27  Drone x3  
  145  11:28  Drone x4  
  145  11:31  Spire  
  151  11:33  Hydralisk Den  
  151  11:39  Zergling x20  
  160  11:43  Hive  
  160  11:44  Tunneling Claws  
  160  11:52  Evolution Chamber  
  159  11:57  Baneling Nest  
  159  11:58  Drone x9  
  167  12:48  Mutalisk x8  
  162  13:06  Corruptor x7  
  141  13:41  Mutalisk  
  141  13:42  Mutalisk x3  
  143  14:13  Baneling x17  
  143  14:15  Zergling x12  
  143  14:16  Zergling x8  
  127  14:41  Hatchery  
  27  16:19  Hatchery  
  26  16:43  Hydralisk x3  
  26  16:45  Hatchery  
Tags
 
Add a new tag
Caveats
  • Supply blocks, unpowered buildings, or Contaminate may cause inaccurate times.
  • Supply counts are checked every 10 seconds.